 Dungeon Crawl Stone Soup version 0.17.1-3-g152610e (webtiles) character file.

32 Nekros the Magician (level 3, -1/19 HPs)
             Began as a Deep Elf Wizard on Apr 26, 2016.
             Succumbed to poison (a potion of poison)
             ... on level 3 of the Dungeon.
             The game lasted 00:10:53 (1957 turns).

Nekros the Magician (Deep Elf Wizard)               Turns: 1957, Time: 00:10:53

Health: -1/19      AC:  3    Str:  4    XL:     3   Next: 8%
Magic:  11/11      EV: 13    Int: 23    God:
Gold:   80         SH:  0    Dex: 13    Spells: 3 memorised, 7 levels left

rFire  . . .     SeeInvis .     (no weapon)
rCold  . . .     Clarity  .     a - +1 robe
rNeg   . . .     SustAt   .     (no shield)
rPois  .         Gourm    .     b - +0 hat
rElec  .         Spirit   .     (no cloak)
rCorr  .         Warding  .     (no gloves)
rMut   .         Stasis   .     (no boots)
MR     .....                    (no amulet)
Stlth  ++........               (no ring)
                                (no ring)

@: lethally poisoned (-1 -> -19), flying, very slightly contaminated, not
resistant to hostile enchantments, unstealthy
A: no striking features
a: no special abilities


You were on level 3 of the Dungeon.
You were not hungry.

You visited 1 branch of the dungeon, and saw 3 of its levels.

You collected 80 gold pieces.

Inventory:

Armour
 a - a +1 robe (worn)
 b - a +0 hat (worn)
 e - a +0 robe
Jewellery
 j - an uncursed ring of wizardry {unknown}
Books
 c - a book of Minor Magic

   Spells                             Type                      Level
   a - Magic Dart                     Conjuration                  1
   b - Blink                          Translocation                2
   c - Call Imp                       Summoning                    2
   d - Repel Missiles                 Charms/Air                   2
   e - Slow                           Hexes                        2
   f - Conjure Flame                  Conjuration/Fire             3
   g - Mephitic Cloud                 Conjuration/Poison/Air       3
Comestibles
 d - 2 bread rations
 g - a meat ration


   Skills:
 + Level 2.8 Dodging
 + Level 2.6 Stealth
 * Level 5.1 Spellcasting
 + Level 2.0 Conjurations
 - Level 1.1 Summonings
 - Level 1.1 Translocations


You had 7 spell levels left.
You knew the following spells:

 Your Spells              Type           Power        Failure   Level  Hunger
a - Magic Dart            Conj           ###.         4%          1    None
b - Blink                 Tloc           N/A          12%         2    None
c - Call Imp              Summ           ##......     12%         2    None


Dungeon Overview and Level Annotations

Branches:
Dungeon (3/15)

Altars:
Ashenzari

Annotations:
D:3 Ijyb


Message History

Your crimson imp hits Ijyb.
There is a lethal amount of poison in your body!
Read which item? (? for menu, Esc to quit)
As you read the scroll labeled XERYFE XUMYSA, it crumbles to dust.
You feel blessed for a moment.
It was a scroll of remove curse.
* * * LOW HITPOINT WARNING * * *
You feel sick. Ijyb barely misses your crimson imp.
Your crimson imp hits Ijyb.
Read which item? (? for menu, Esc to quit)
As you read the scroll labeled XEECEN IHAD, it crumbles to dust.
The scroll dissolves into smoke.
It was a scroll of fog.
* * * LOW HITPOINT WARNING * * *
You feel sick.
Eat which item? (? for menu, Esc to quit)
Okay, then.
Read which item? (? for menu, Esc to quit)
As you read the scroll labeled LYSKUI KOAXIRGH, it crumbles to dust.
It is a scroll of enchant armour.
Enchant which item? (? for menu, Esc to quit)
Your +0 robe glows green for a moment.
You die...

#.# ..# #.# ........ #.#
........ #.# ........
#§# ........ . #§#
........ .. #@# ........
... #§# g....... ....
#§# 5# ##...##.#####.#
§# ..............#
.###############.#######
<..†g...# #5#
#######.### #g#
#.#.######.####


There were no monsters in sight!

Vanquished Creatures
  A giant gecko (D:1)
  3 bats
  3 hobgoblins
  3 kobolds
  A giant cockroach (D:2)
  5 giant newts (D:1)
  3 goblins
  8 rats
27 creatures vanquished.

Vanquished Creatures (collateral kills)
  An adder (D:2)
  A worm (D:2)
2 creatures vanquished.

Grand Total: 29 creatures vanquished

Notes
Turn   | Place    | Note
--------------------------------------------------------------
     0 | D:1      | Nekros the Deep Elf Wizard began the quest for the Orb.
     0 | D:1      | Reached XP level 1. HP: 10/10 MP: 7/7
   198 | D:1      | Reached XP level 2. HP: 15/15 MP: 6/9
   202 | D:1      | Learned a level 2 spell: Blink
   205 | D:1      | Learned a level 2 spell: Call Imp
   421 | D:1      | Found a shattered altar of Ashenzari.
  1018 | D:2      | Reached skill level 5 in Spellcasting
  1332 | D:2      | Reached XP level 3. HP: 19/19 MP: 3/11
  1915 | D:3      | Noticed Ijyb
  1957 | D:3      | Succumbed to poison (a potion of poison)

Action                   || total
-------------------------++-------
Melee: Unarmed           ||     2
 Cast: Magic Dart        ||    54
       Call Imp          ||    10
       Blink             ||     1
  Use: Scroll            ||     3
       Potion            ||     3
  Eat: Fruit             ||     3
